AoeStats
← Jimmy Jay

Arena

509230059Analyzed
4v4 RM · 8d ago on Sep 26, 2026· 50m 26s· 8 players
Game mode
Random Map
Map size
Large (8 player)
Population
200
Speed
Normal
Resources
Standard
Victory
Conquest
Starting age
Dark Age
Ending age
Imperial Age
RankedLock teamsTeams togetherTeam positionsShared explorationLock speedFull tech treeHidden civsTurbo modeCheats
Victory
Defeat
🇺🇸 Sicilians · United States
1185
+14
🇺🇸 Saxons · United States
1169
+14
🇲🇽 Koreans · Mexico
1127
+16
🇺🇸 Malians · United States
1077
+18
🇹🇷 Mapuche · Türkiye
1195
-18
🇩🇪 Teutons · Germany
1185
-18
🇹🇼 Huns · Taiwan
1076
-13
🇦🇷 Britons · Argentina
1067
-13
twitch.tv/WatzTheDeal
7:59 Loom
10:29 Feudal Age
17:04 Wheelbarrow
23:35 Castle Age
21:54 Double-Bit Axe
22:23 Fletching
22:51 Scale Mail Armor
23:01 Forging
30:56 Hand Cart
32:22 Masonry
33:14 Bodkin Arrow
35:30 Arson
35:46 Squires
36:14 Crossbowman
41:24 Chain Mail Armor
41:44 Iron Casting
43:57 Imperial Age
45:11 Ballistics
45:52 Chemistry
47:08 Blast Furnace
47:36 Bracer
47:36 Padded Archer Armor
Jum
10:21 Feudal Age
15:36 Castle Age
14:07 Double-Bit Axe
14:07 Horse Collar
14:45 Stone Mining
15:40 Gold Mining
18:36 Loom
21:59 Wheelbarrow
23:00 Hand Cart
23:14 Heavy Plow
26:00 Gold Shaft Mining
25:59 Scale Mail Armor
27:16 Bow Saw
27:48 Stone Shaft Mining
27:47 Chain Mail Armor
27:43 Forging
28:50 Squires
28:19 Man-at-Arms
30:19 Iron Casting
29:32 Long Swordsman
33:17 Imperial Age
30:34 Town Watch
33:19 Two-Handed Swordsman
34:33 Plate Mail Armor
34:28 Conscription
34:30 Champion
36:15 Crop Rotation
35:41 Arson
36:57 Fletching
36:44 Elite Gbeto
40:36 Tigui
42:12 Bodkin Arrow
44:48 Crossbowman
44:49 Elite Skirmisher
49:57 Town Patrol
50:06 Thumb Ring
Tlacaelel.MX
4:29 Loom
10:23 Feudal Age
12:25 Wheelbarrow
11:39 Double-Bit Axe
12:58 Fletching
24:34 Castle Age
22:49 Stone Mining
24:15 Gold Mining
26:10 Bodkin Arrow
26:39 Town Watch
27:33 Bow Saw
28:00 Horse Collar
29:58 Heavy Plow
34:05 Imperial Age
32:39 Gold Shaft Mining
33:32 Hand Cart
35:28 Bracer
36:45 Forging
38:51 Chemistry
40:20 Scale Mail Armor
39:51 Elite Skirmisher
40:06 Crossbowman
42:16 Two-Man Saw
41:54 Scale Barding Armor
42:17 Conscription
43:41 Chain Mail Armor
43:48 Chain Barding Armor
44:45 Iron Casting
43:33 Pikeman
44:14 Squires
45:57 Thumb Ring
46:09 Arbalester
46:45 Light Cavalry
47:26 Husbandry
49:31 Stone Shaft Mining
50:53 Plate Mail Armor
monongahela
10:13 Feudal Age
13:58 Castle Age
11:54 Double-Bit Axe
12:13 Horse Collar
14:29 Loom
16:47 Bow Saw
21:24 Wheelbarrow
23:00 Heavy Plow
24:22 Hand Cart
31:21 Imperial Age
29:05 Treadmill Crane
29:38 Gambesons
29:55 Squires
29:41 Arson
30:38 Scale Mail Armor
30:48 Forging
30:39 Gold Mining
30:41 Stone Mining
31:45 Chain Mail Armor
32:58 Iron Casting
33:14 Capped Ram
35:12 Plate Mail Armor
39:17 Conscription
41:10 Fletching
41:20 Padded Archer Armor
41:55 Elite Skirmisher
43:53 Thumb Ring
43:45 Bodkin Arrow
44:06 Leather Archer Armor
43:24 Shield Wall
43:44 Siege Ram
44:51 Bracer
45:21 Ring Archer Armor
44:14 Elite Varangian Guard
45:30 Ballistics
46:11 Chemistry
46:19 Scale Barding Armor
46:40 Elite Varangian Guard
51:06 Masonry
12345
0:28 Loom
11:06 Feudal Age
11:33 Double-Bit Axe
18:33 Castle Age
16:55 Gold Mining
17:24 Stone Mining
17:17 Horse Collar
19:24 Bow Saw
19:17 Heavy Plow
19:13 Champi Runner
20:05 Champi Warrior
22:16 Wheelbarrow
21:26 Town Watch
30:13 Gold Shaft Mining
30:17 Stone Shaft Mining
32:24 Imperial Age
30:04 Fletching
30:14 Padded Archer Armor
30:56 Malon
30:18 Elite Skirmisher
31:35 Ballistics
31:19 Town Watch
32:00 Bodkin Arrow
32:06 Padded Archer Armor
32:26 Town Patrol
32:43 Forging
32:47 Murder Holes
33:54 Conscription
33:51 Leather Archer Armor
34:39 Chemistry
33:24 Arrowslits
34:15 Crop Rotation
34:15 Treadmill Crane
34:37 Elite Bolas Rider
38:38 Ring Archer Armor
40:46 Iron Casting
40:11 Scale Mail Armor
40:24 Masonry
40:20 Siege Engineers
40:19 Caravan
45:30 Blast Furnace
44:45 Chain Mail Armor
45:02 Architecture
44:29 Elite Kona
46:12 Butalmapu
45:50 Pikeman
47:33 Elite Champi Warrior
47:59 Arson
Jimmy Jay
10:42 Feudal Age
11:23 Double-Bit Axe
11:55 Loom
20:18 Castle Age
19:50 Fletching
19:58 Horse Collar
20:09 Gold Mining
20:58 Wheelbarrow
28:37 Imperial Age
27:05 Ballistics
27:09 Stone Mining
27:32 Bow Saw
30:31 Chemistry
31:01 Crossbowman
31:44 Padded Archer Armor
32:11 Heavy Plow
32:38 Arbalester
33:20 Bodkin Arrow
34:01 Leather Archer Armor
34:32 Conscription
36:40 Bracer
39:33 Two-Man Saw
39:56 Ring Archer Armor
39:39 Masonry
41:21 Yeomen
42:46 Guilds
cobanizer
11:01 Feudal Age
15:11 Castle Age
13:18 Double-Bit Axe
16:48 Wheelbarrow
17:36 Loom
24:34 Stone Mining
24:38 Gold Mining
29:16 Hand Cart
33:18 Imperial Age
30:34 Town Watch
31:37 Town Patrol
32:25 Forging
32:20 Scale Barding Armor
32:46 Bloodlines
33:25 Ironclad
35:04 Chemistry
35:41 Ballistics
34:47 Cavalier
36:50 Iron Casting
36:35 Chain Barding Armor
36:56 Stone Shaft Mining
36:34 Onager
40:56 Siege Onager
44:30 Caravan
44:13 Elite Teutonic Knight
46:58 Blast Furnace
45:58 Scale Mail Armor
William
2:43 Loom
11:25 Feudal Age
15:59 Castle Age
26:54 Double-Bit Axe
28:53 Man-at-Arms
30:43 Wheelbarrow
30:30 Long Swordsman
31:27 Squires
32:58 Scale Mail Armor
33:10 Forging
33:36 Hand Cart
33:15 Horse Collar
37:59 Imperial Age
38:17 Two-Handed Swordsman
40:12 Chain Mail Armor
40:33 Iron Casting
42:46 Capped Ram
43:37 Arson
43:46 Town Watch
44:04 Heavy Plow
44:17 Bow Saw
46:20 Siege Ram
47:44 Cavalier
48:35 Bloodlines
48:26 Husbandry
Connection lost

Rejoining the realm…

Still unreachable

The connection could not be restored.

Session expired

The server has moved on; the page needs a fresh start.